 Dungeon Crawl Stone Soup version 0.30.0-29-ga12c61a403 (webtiles) character file.

Game seed: 10788626028683609601

7431 LustLizard the Destroyer (level 11, 0/74 HPs)
             Began as an Octopode Conjurer on June 8, 2023.
             Was a Follower of Uskayaw.
             Slain by a boulder beetle (10 damage)
             ... on level 11 of the Dungeon.
             The game lasted 00:32:00 (16214 turns).

LustLizard the Destroyer (Octopode Conjurer)       Turns: 16214, Time: 00:32:00

Health: 0/74       AC:  1    Str: 11    XL:     11   Next: 15%
Magic:  20/20      EV: 19    Int: 21    God:    Uskayaw [*.....]
Gold:   521        SH:  0    Dex: 10    Spells: 17/22 levels left

rFire   . .          .
                       - Unarmed
rCold   . . .        (no shield)
rNeg    + . .        (helmet restricted)
rPois   .            (no amulet)
rElec   .            i - +5 ring of evasion
rCorr   .            w - ring of willpower
SInv    +            y - ring of see invisible
Will    +....        C - ring of positive energy
Stlth   ++           (no ring)
HPRegen 0.32/turn    (no ring)
MPRegen 0.17/turn    (no ring)
                     (no ring)

%: no passive effects
@: confused, ambrosia-drunk
A: almost no armour, amphibious, 8 rings, camouflage 1, gelatinous body 1,
(nimble swimmer 1), tentacles
a: Renounce Religion, Stomp


You were on level 11 of the Dungeon.
You worshipped Uskayaw.
Uskayaw was noncommittal.
You visited 2 branches of the dungeon, and saw 13 of its levels.
You also visited: Ossuary.

You collected 612 gold pieces.
You spent 91 gold pieces at shops.

Inventory:

Armour
 f - a +0 buckler
Jewellery
 i - a +5 ring of evasion (left tentacle)
 w - a ring of willpower (right tentacle)
 y - a ring of see invisible (on tentacle)
 C - a ring of positive energy (on tentacle)
Wands
 r - a wand of mindburst (16)
 v - a wand of roots (17)
Scrolls
 e - a scroll of enchant armour
 g - 2 scrolls of enchant weapon
 h - a scroll of teleportation
 j - a scroll of immolation
 l - a scroll of fog
 n - a scroll of silence
 p - a scroll of amnesia
 t - 2 scrolls of magic mapping
 x - 2 scrolls of noise {unknown}
 G - a scroll of blinking {unknown}
Potions
 a - 3 potions of magic
 b - 3 potions of might
 c - 3 potions of attraction
 d - 2 potions of haste
 k - a potion of invisibility {unknown}
 q - 3 potions of lignification
 u - 3 potions of mutation
 z - 6 potions of flight
 A - 2 potions of brilliance
 B - 5 potions of berserk rage
 D - a potion of ambrosia


   Skills:
 + Level 6.6 Fighting
 + Level 5.1 Dodging
 - Level 3.9 Stealth
 + Level 4.2 Shields
 * Level 8.1 Unarmed Combat
 + Level 6.4 Spellcasting
 - Level 8.3 Conjurations
 - Level 4.0 Hexes
 * Level 3.1 Evocations


You had 17 spell levels left.
You knew the following spells:

 Your Spells              Type           Power      Damage    Failure   Level
a - Magic Dart            Conj           100%       1d8       1%          1
b - Fulminant Prism       Conj/Hex       16%        3d11      8%          4

Your spell library contained the following spells:

 Spells                   Type           Power      Damage    Failure   Level
 Searing Ray              Conj           84%        2d7       1%          2
 Dazzling Flash           Conj/Hex       64%        N/A       2%          3
 Ensorcelled Hibernation  Hex/Ice        30%        N/A       6%          2
 Mephitic Cloud           Conj/Pois/Air  18%        N/A       9%          3
 Beastly Appendage        Tmut           12%        N/A       10%         1
 Passwall                 Tmut/Erth      5%         N/A       14%         2
 Poisonous Vapours        Pois/Air       12%        N/A       14%         2
 Wereblood                Tmut           6%         N/A       14%         2
 Iskenderun's Mystic Bla  Conj/Tloc      24%        2d7       17%         4
 Spider Form              Tmut/Pois      6%         N/A       28%         3
 Swiftness                Air            6%         N/A       28%         3
 Anguish                  Hex/Necr       7%         N/A       38%         4
 Freezing Cloud           Conj/Ice/Air   9%         6-21      63%         5


Dungeon Overview and Level Annotations

Branches:
Dungeon (12/15)            Temple (1/1) D:4            Lair (0/5) D:10
Ossuary (visited)
    Orc: D:9-12

Altars:
Ashenzari
Cheibriados
Dithmenos
Elyvilon
Fedhas
Gozag
Hepliaklqana
Kikubaaqudgha
Makhleb
Nemelex Xobeh
Okawaru
Qazlal
Ru
Sif Muna
Trog
Uskayaw
Vehumet
Wu Jian
Xom
Yredelemnul
Zin
The Shining One

Shops:
D:1 =?   D:10 *:

Annotations:
D:5 2 exclusions
D:6 Blork the orc
D:8 Gastronok


Innate Abilities, Weirdness & Mutations

You cannot wear most types of armour.
You are amphibious.
You can wear up to eight rings at the same time.
Your skin changes colour to match your surroundings (Stealth+).
Your rubbery body absorbs attacks. (AC +1, EV +1)
((You are camouflaged when in or above water. (Stealth+)))
You have tentacles for arms and can constrict up to eight enemies at once.


Message History

The volley of spikes hits you!
The barbed spikes become lodged in your body.
As you read the scroll of teleportation, it crumbles to dust.
You feel strangely unstable.
The manticore flicks its tail.
The volley of spikes hits you!
The barbed spikes become lodged in your body.
* * * LOW HITPOINT WARNING * * *
Your surroundings suddenly seem different.
The barbs in your skin will harm you if you move.
Continue?
The barbed spikes dig painfully into your body as you move.
* * * LOW HITPOINT WARNING * * *
There is a stone staircase leading down here.
The boulder beetle curls into a ball and begins rolling!
The barbed spikes dig painfully into your body as you move.
* * * LOW HITPOINT WARNING * * *
You climb downwards.
There is a stone staircase leading up here.
Unknown command.
Okay, then.
You start resting.
You carefully extract the barbed spikes from your body.
You start resting.
Magic restored.
You start resting.
A cyclops comes into view.
The cyclops shouts!
The cyclops throws a large rock.
The large rock hits you!!
You climb upwards.
The boulder beetle leaps! x2
There is a stone staircase leading down here.
Really read the scroll of poison?
The air fills with toxic fumes!
As you read the scroll of poison, it crumbles to dust.
The boulder beetle bites you!
* * * LOW HITPOINT WARNING * * *
You are confused.
You feel invigorated. The boulder beetle bites you!!
* * * LOW HITPOINT WARNING * * *
The boulder beetle bites you!
You die...

#.# #......# #.# #.# ######+##
##.# #.# ##§§§## #..# #.######
##§§§§§## #.## #.##...#
##§§§§§§§## ##.##
####.#....###§§§§§§§§§####...##
............+§§§§§§§.§+.......#
####...(....#§§§§B§§§§####...##
............##§§@§§§§## ##.##
.######...#####§§§§§## #.# .#
#......# ##§§§## #####.##### .#
#.##.### ##+## #.........# .#
#.##.# ## ##.## #.###.....#
.###.##.# #.. ...# #.# ##....#
>.......###.#####..# #.# ##.#.#
####.#####.........##
#.#####.#.# #.# #..##......#
#.........#


You could see a boulder beetle.

Vanquished Creatures
  A two-headed ogre (D:11)
  A boulder beetle (D:11)
  2 shadows (D:11)
  A wyvern (D:7)
  10 yaks
  4 vampire mosquitoes (D:11)
  An acid dragon (D:9)
  2 water moccasins (D:7)
  3 sky beasts
  2 orc warriors
  An ice beast (D:7)
  5 ogres
  3 centaurs
  A phantom (D:4)
  An elf zombie (Ossuary)
  A kobold brigand (D:11)
  A bullfrog (D:7)
  A scorpion (D:5)
  A water moccasin zombie (D:4)
  7 wights
  3 killer bees
  An electric eel (D:11)
  7 howler monkeys
  A centaur zombie (Ossuary)
  6 hounds
  3 jellies
  Crazy Yiuf (D:3)
  A gnoll bouda (D:9)
  6 orc priests
  5 iguanas
  A sleepcap (D:8)
  5 orc wizards
  A hound zombie (D:4)
  2 mummies (Ossuary)
  A howler monkey zombie (D:4)
  3 gnolls (D:9)
  9 adders
  An ufetubus (D:6)
  4 adder zombies
  2 dart slugs
  6 worms
  32 orcs
  8 ball pythons
  9 endoplasms
  2 giant cockroaches (D:2)
  4 goblins
  10 hobgoblins
  4 jackals (D:2)
  5 quokkas
  2 bats
  3 frilled lizards
  2 goblin zombies (Ossuary)
  11 hobgoblin zombies (Ossuary)
  2 jackal zombies (Ossuary)
  12 kobolds
  10 kobold zombies (Ossuary)
  7 orc zombies (Ossuary)
  2 quokka zombies (D:6)
  7 rats
  A rat zombie (Ossuary)
251 creatures vanquished.

Vanquished Creatures (others)
  An adder (D:3)
  A quokka (D:3)
  8 fulminant prisms
10 creatures vanquished.

Grand Total: 261 creatures vanquished

Notes
Turn   | Place    | Note
-------+----------+-------------------------------------------
     0 | D:1      | LustLizard the Octopode Conjurer began the quest for the
                  | Orb.
     0 | D:1      | Reached XP level 1. HP: 11/11 MP: 3/3
    24 | D:1      | Found Xat Oka's Magic Scroll Emporium.
   208 | D:1      | Reached XP level 2. HP: 18/18 MP: 1/5
   443 | D:1      | Found Rotwatt Ofuh's Jewellery Shop.
   732 | D:1      | Bought a scroll of identify for 26 gold pieces
   732 | D:1      | Bought a scroll of teleportation for 39 gold pieces
   743 | D:2      | Found a snail-covered altar of Cheibriados.
   749 | D:1      | Reached XP level 3. HP: 21/22 MP: 2/6
   923 | D:2      | Reached skill level 1 in Fighting
  1248 | D:2      | Reached XP level 4. HP: 23/28 MP: 0/7
  1887 | D:3      | Found a shimmering altar of Xom.
  2079 | D:3      | Noticed an ogre
  2126 | D:3      | Reached XP level 5. HP: 33/33 MP: 5/8
  2281 | D:3      | Found a runed translucent door.
  2282 | D:3      | Noticed Crazy Yiuf
  2742 | D:3      | Found a burning altar of Makhleb.
  2918 | D:4      | Reached skill level 5 in Conjurations
  2923 | D:4      | Learned a level 4 spell: Fulminant Prism
  3029 | D:4      | Found an opulent altar of Gozag.
  3263 | D:4      | Found a basalt altar of Yredelemnul.
  3411 | D:4      | Reached skill level 1 in Hexes
  3411 | D:4      | Reached XP level 6. HP: 30/39 MP: 2/10
  3664 | D:4      | Found a staircase to the Ecumenical Temple.
  3686 | Temple   | Entered the Ecumenical Temple
  3753 | D:4      | Found a stormy altar of Qazlal.
  3787 | D:4      | Found a glowing golden altar of the Shining One.
  4293 | D:4      | Found an ancient bone altar of Kikubaaqudgha.
  4310 | D:5      | Entered Level 5 of the Dungeon
  4310 | D:5      | Found a hazy altar of Hepliaklqana.
  4406 | D:5      | Reached XP level 7. HP: 44/45 MP: 6/11
  4913 | D:5      | Noticed a yak
  4913 | D:5      | Noticed a yak
  4948 | D:5      | Noticed a yak
  4991 | D:5      | Found a hide-covered altar of Uskayaw.
  4991 | D:5      | Found a glowing silver altar of Zin.
  4995 | D:5      | Became a worshipper of Uskayaw the Reveller
  5075 | D:5      | Reached * piety under Uskayaw
  5078 | D:5      | Reached ** piety under Uskayaw
  5177 | D:5      | Found a sacrificial altar of Ru.
  5291 | D:6      | Reached XP level 8. HP: 31/52 MP: 6/13
  5477 | D:6      | Found a sand-covered staircase.
  5495 | Ossuary  | Entered an ossuary
  6287 | Ossuary  | Reached skill level 1 in Unarmed Combat
  6553 | D:6      | Noticed Blork the orc
  7097 | D:6      | Identified the +10 plate armour of Weshrasmu {*Corrode
                  | rPois rC+}
  7167 | D:6      | Found a shadowy altar of Dithmenos.
  7794 | D:6      | Reached *** piety under Uskayaw
  8025 | D:3      | Killed Crazy Yiuf
  8352 | D:7      | Noticed a wyvern
  8389 | D:7      | Found a radiant altar of Vehumet.
  8587 | D:7      | Reached XP level 9. HP: 40/58 MP: 4/15
  8674 | D:7      | Reached **** piety under Uskayaw
  8678 | D:7      | Reached ***** piety under Uskayaw
  8791 | D:7      | Found a blossoming altar of Fedhas.
  9305 | D:7      | Reached skill level 5 in Spellcasting
  9449 | D:8      | Noticed Gastronok
  9759 | D:8      | Reached skill level 5 in Unarmed Combat
  9877 | D:8      | Found a snail-covered altar of Cheibriados.
  9883 | D:8      | Reached skill level 5 in Fighting
  9883 | D:8      | Reached skill level 1 in Shields
  9890 | D:8      | Identified the +2 rapier of Ginines {speed, Int+5}
 10884 | D:9      | Reached XP level 10. HP: 34/66 MP: 13/18
 11192 | D:9      | Found a sparkling altar of Nemelex Xobeh.
 11320 | D:9      | Found a shimmering blue altar of Sif Muna.
 11434 | D:9      | Found a white marble altar of Elyvilon.
 11608 | D:9      | Found an ornate altar of the Wu Jian Council.
 12440 | D:9      | Found a bloodstained altar of Trog.
 12440 | D:9      | Found an iron altar of Okawaru.
 12857 | D:10     | Entered Level 10 of the Dungeon
 13045 | D:10     | Found a staircase to the Lair.
 13343 | D:10     | Found Koech's Tremendous Tomes.
 13787 | D:10     | Noticed an unseen horror
 13794 | D:10     | Found a broken altar of Ashenzari.
 14299 | D:10     | Found Imyr's General Store.
 14304 | D:10     | Bought a scroll of identify for 26 gold pieces
 14417 | D:11     | Noticed a two-headed ogre
 14431 | D:11     | Killed a two-headed ogre
 14677 | D:11     | Noticed a boulder beetle
 14691 | D:11     | Noticed a boulder beetle
 15215 | D:11     | Reached skill level 1 in Evocations
 15412 | D:11     | Reached XP level 11. HP: 26/74 MP: 20/20
 15421 | D:11     | Reached skill level 5 in Dodging
 15793 | D:11     | Killed a boulder beetle
 16074 | D:11     | Noticed a manticore
 16207 | D:12     | Noticed a cyclops
 16214 | D:11     | Slain by a boulder beetle

Illustrated notes

Levels and vault maps discovered:
D:1:      shiori_shiawase, layout_rooms, serial_shops,
          nicolae_shop_pleasant_corner_grove, shop
D:2:      layout_rooms, basic_altar, minmay_domino_4
D:3:      layout_rooms, xom_confusion_cloud, lightli_temple_of_fire,
          uniq_crazy_yiuf_cottage
D:4:      layout_basic, tso_metal_star, kennysheep_little_box,
          grunt_gozag_statues, nicolae_yredelemnul_corpse_copse,
          mainiacjoe_overflow_catwalk, minmay_temple_entry_trees
D:5:      layout_rooms, nicolae_hepliaklqana_hazy_memory, lemuel_tele_altar,
          gammafunk_temple_overflow_elements
D:6:      layout_loops_ring, lemuel_coloured_pillars_altar, enter_ossuary_4,
          serial_co_window_serial, co_window_paths_a, co_window_corner_a,
          co_window_paths_a, co_window_corner_a, co_window_paths_b,
          co_window_corner_b, co_window_of_opportunity_c, co_window_broadway_a,
          co_window_unsneaky_path_b, co_window_corner_b,
          co_window_of_opportunity_b, co_window_4corner_a, glass_columns_b,
          glass_columns_b, glass_columns_b, glass_columns_a, glass_columns_b,
          uniq_blork_the_orc
D:7:      layout_rooms, mainiacjoe_overflow_small_starburst,
          mainiacjoe_overflow_alcove_4
D:8:      layout_gridville, nicolae_overflow_crystal_walls, uniq_gastronok
D:9:      layout_loops_ring, grunt_temple_overflow_bloody_war,
          nicolae_wu_jian_glorious_leap, nicolae_elyvilon_peaceful_grove,
          nemelex_diamond_rough_becter, mainiacjoe_overflow_24_doors
D:10:     hangedman_cross_veins, layout_rooms, mainiacjoe_overflow_paths,
          lair_entry_dummy, serial_shops, shop, nicolae_shop_i_like_big_books,
          nzn_sisyphean_effort
D:11:     layout_loops_corners, serial_bayou_lagoon_b
D:12:     layout_gridville, minmay_orc_entry_guard_dogs, dk_noncrumbling_3
Temple:   ebering_the_none_and_only

Skill      XL: |  1  2  3  4  5  6  7  8  9 10 11 |
---------------+----------------------------------+-----
Stealth        | 3 |  3.9
Fighting       | 1 2 3 4 5 6 |  6.6
Conjurations   | 5 6 7 8 |  8.3
Hexes          | 1 2 3 4 |  4.0
Spellcasting   | 3 4 5 6 |  6.4
Unarmed Combat | 3 5 7 8 |  8.1
Shields        | 2 4 |  4.2
Dodging        | 3 4 5 |  5.1
Evocations     | 2 3 |  3.1

Action                     |  1- 3 |  4- 6 |  7- 9 | 10-12 || total
---------------------------+-------+-------+-------+-------++-------
  Melee: Unarmed           |    22 |    24 |   100 |   117 ||   263
         Tentacles         |     5 |     8 |    34 |    43 ||    90
         Constrict         |     7 |     8 |    20 |    10 ||    45
         Punch             |       |     1 |     3 |     6 ||    10
   Cast: Magic Dart        |    67 |   173 |   420 |   195 ||   855
         Fulminant Prism   |       |       |     1 |     7 ||     8
 Invoke: Stomp             |       |       |       |     1 ||     1
    Use: Scroll            |     1 |     3 |    13 |    13 ||    30
         Potion            |       |       |       |    12 ||    12
   Stab: Sleeping          |     2 |       |       |       ||     2
         Paralysed         |       |       |     5 |     6 ||    11
 Armour: Skin              |     2 |     4 |     8 |     1 ||    15
  Dodge: Dodged            |     6 |    55 |   214 |   170 ||   445
